 Dungeon Crawl Stone Soup version 0.22.1-1-ga44c0e5 (webtiles) character file.

1030 eccles the Cleaver (level 8, -10/106 HPs)
             Began as a Minotaur Berserker on Oct 11, 2018.
             Was an Elder of Trog.
             Mangled by a two-headed ogre
             ... wielding a +0 dire flail
              (13 damage)
             ... on level 6 of the Dungeon on Oct 12, 2018.
             The game lasted 00:30:10 (4781 turns).

eccles the Cleaver (Minotaur Berserker)             Turns: 4781, Time: 00:30:11

Health: -10/106    AC: 10    Str: 28    XL:     8   Next: 3%
Magic:  7/7        EV: 11    Int:  4    God:    Trog [****..]
Gold:   262        SH:  0    Dex: 11    Spells: 7/7 levels left

rFire    . . .     SeeInvis .   G - +0 broad axe
rCold    . . .     Gourm    +   (no shield)
rNeg     . . .     Faith    .   y - +0 chain mail
rPois    +         Spirit   .   (helmet restricted)
rElec    .         Reflect  .   A - +0 cloak
rCorr    .         Harm     .   (no gloves)
MR       .....                  (no boots)
Stlth    ..........             j - amulet of the gourmand
HPRegen  0.27/turn              C - ring of poison resistance
MPRegen  0.10/turn              F - +1 ring of evasion

@: berserking, very quick
A: retaliatory headbutt, horns 2
a: Berserk, Trog's Hand, Brothers in Arms, Renounce Religion


You were on level 6 of the Dungeon.
You worshipped Trog.
Trog was greatly pleased with you.
You were not hungry.

You visited 1 branch of the dungeon, and saw 6 of its levels.
You also visited: Sewer.

You collected 310 gold pieces.
You spent 48 gold pieces at shops.

Inventory:

Hand Weapons
 a - a +0 hand axe
 m - a +0 antimagic hand axe
 G - a +0 broad axe (weapon)
Armour
 b - a +0 animal skin
 y - a +0 chain mail (worn)
 A - a +0 cloak (worn)
Jewellery
 f - a +5 ring of dexterity
 j - an amulet of the gourmand (around neck)
 p - an uncursed amulet of guardian spirit
 x - an uncursed ring of flight
 z - an uncursed ring of protection from cold
 C - a ring of poison resistance (left hand)
 F - a +1 ring of evasion (right hand)
Wands
 u - a wand of acid (11)
Scrolls
 e - 4 scrolls of remove curse
 h - a scroll of fear {unknown}
 k - 3 scrolls of teleportation {unknown}
 l - a scroll of noise {unknown}
 q - a scroll of random uselessness {unknown}
 s - a scroll of magic mapping {unknown}
 B - a scroll of immolation {unknown}
 D - a scroll of enchant weapon {unknown}
 I - a scroll of blinking {unknown}
Potions
 d - 6 potions of curing
 g - 3 potions of heal wounds
 i - a potion of degeneration {unknown}
 n - a potion of berserk rage {unknown}
 o - 3 potions of flight {unknown}
 r - 2 potions of brilliance {unknown}
 t - a potion of agility {unknown}
 v - a potion of haste {unknown}
 w - 2 potions of might {unknown}
 E - a potion of lignification {unknown}
Comestibles
 c - 11 rations
 H - 8 chunks of flesh


   Skills:
 * Level 6.8 Fighting
 * Level 8.7 Axes
 + Level 4.0 Armour
 + Level 3.8 Dodging
 + Level 1.3 Stealth


You had 7 spell levels left.
You didn't know any spells.
Your spell library was empty.

Dungeon Overview and Level Annotations

Branches:
Dungeon (6/15)
 Temple: D:4-7

Altars:
Elyvilon
Wu Jian

Shops:
D:6 (

Annotations:
D:6 Sigmund


Innate Abilities, Weirdness & Mutations

You reflexively headbutt those who attack you in melee.
You have a pair of horns on your head.


Message History

The hound zombie barely misses you.
You slice the two-headed ogre!! You headbutt the two-headed ogre!
The two-headed ogre is severely wounded.
You slash the hound zombie!
You destroy the hound zombie!
Trog accepts your kill.
The two-headed ogre hits you with a dire flail!
* * * LOW HITPOINT WARNING * * *
The two-headed ogre hits you with a giant club!
* * * LOW HITPOINT WARNING * * *
An adder comes into view.
The adder hisses angrily.
You slash the two-headed ogre! You headbutt the two-headed ogre.
The two-headed ogre is almost dead.
Sigmund hits you from afar with a scythe.
* * * LOW HITPOINT WARNING * * *
The two-headed ogre hits you with a dire flail!
* * * LOW HITPOINT WARNING * * *
The two-headed ogre hits you with a giant club!
You die...

###############
############
..........#....###
#....(.....#
...########......#
#.########.# ...#
%.......# #.# #.#
...# .....@#O###)#
#.# ..##
.....[.@...)#
###.### ..#
.....##.#####
#...... ..# #.#..
...# #.#.#..
..######.# #.##.#
#.#....
.........## # #.#
# ##...
.....[>...# #S#
#.##...
..........### ##..
#...)..
............ .####
#######.##
..#.###..####.
#.......##


You could see a two-headed ogre, Sigmund and an adder.

Vanquished Creatures
  A sky beast (D:6)
  A centaur (D:5)
  An ogre (D:6)
  2 howler monkeys (D:4)
  2 centaur skeletons
  A quasit (D:5)
  An orc priest (D:6)
  2 hounds
  A jelly (D:6)
  2 iguanas
  3 worker ants
  A hound zombie (D:6)
  A worker ant zombie (D:6)
  5 gnolls
  12 adders
  A shadow imp (D:6)
  An adder zombie (D:5)
  3 adder skeletons
  5 worms
  2 dart slugs
  5 leopard geckos
  13 orcs
  6 bats
  6 giant cockroaches
  5 goblins
  9 hobgoblins
  17 jackals
  16 kobolds
  4 quokkas
  5 ball pythons (Sewer)
  10 frilled lizards
  A leopard gecko skeleton (D:4)
  A quokka skeleton (D:6)
  11 rats
  5 plants (Sewer)
162 creatures vanquished.

Notes
Turn   | Place    | Note
-------+----------+-------------------------------------------
     0 | D:1      | eccles the Minotaur Berserker began the quest for the Orb.
     0 | D:1      | Reached XP level 1. HP: 19/19 MP: 0/0
    37 | D:1      | Reached XP level 2. HP: 4/27 MP: 1/1
    63 | D:1      | Reached skill level 4 in Axes
   624 | D:1      | Reached XP level 3. HP: 34/34 MP: 2/2
   815 | D:2      | Reached ** piety under Trog
   986 | D:2      | Reached XP level 4. HP: 41/41 MP: 3/3
  1201 | D:3      | Reached skill level 5 in Fighting
  1225 | D:3      | Reached skill level 5 in Axes
  1530 | D:3      | Found a glowing drain.
  1535 | Sewer    | Entered a sewer
  1586 | Sewer    | Reached XP level 5. HP: 43/48 MP: 4/4
  1840 | Sewer    | Reached *** piety under Trog
  2390 | D:3      | Found a white marble altar of Elyvilon.
  2411 | D:3      | Found an ornate altar of the Wu Jian Council.
  2727 | D:4      | Reached skill level 1 in Stealth
  2731 | D:4      | Reached skill level 6 in Axes
  2737 | D:4      | Reached XP level 6. HP: 45/56 MP: 5/5
  3502 | D:5      | Entered Level 5 of the Dungeon
  3572 | D:5      | Reached skill level 7 in Axes
  3619 | D:5      | Reached **** piety under Trog
  3676 | D:5      | Reached XP level 7. HP: 49/63 MP: 2/6
  4521 | D:6      | Reached skill level 8 in Axes
  4592 | D:6      | Found Nedatael's Weapon Boutique.
  4622 | D:6      | Bought a +0 broad axe for 48 gold pieces
  4739 | D:6      | Reached XP level 8. HP: 50/71 MP: 7/7
  4775 | D:6      | Noticed Sigmund
  4775 | D:6      | Noticed a two-headed ogre
  4781 | D:6      | HP: 3/106 [two-headed ogre/dire flail (10)]
  4781 | D:6      | Mangled by a two-headed ogre

Skill      XL: |  1  2  3  4  5  6  7 |
---------------+----------------------+-----
Fighting       | 4 5 6 |  6.8
Axes           | 4 5 6 7 8 |  8.7
Dodging        | 3 |  3.8
Stealth        | 1 |  1.3
Armour         | 3 4 |  4.0

Action                   |  1- 3 |  4- 6 |  7- 9 || total
-------------------------+-------+-------+-------++-------
Melee: Hand axe          |    56 |   363 |    92 ||   511
       Headbutt          |     7 |    94 |    18 ||   119
       Broad axe         |       |       |    13 ||    13
Invok: Berserk           |     1 |     1 |     1 ||     3
  Use: Scroll            |     1 |       |     2 ||     3
  Eat: Chunk             |    19 |    17 |       ||    36
Armor: Animal skin       |    14 |    18 |       ||    32
       Chain mail        |       |    44 |    65 ||   109
Dodge: Dodged            |    59 |   129 |    49 ||   237
